 Dungeon Crawl Stone Soup version 0.17-a0-435-gc4df345 (webtiles) character file.

2398 krae the Conjurer (level 9, -1/66 HPs)
             Began as a Demonspawn Wizard on Mar 31, 2015.
             Was a Priest of Cheibriados.
             Slain by a seven-headed hydra (8 damage)
             ... on level 8 of the Dungeon on Apr 4, 2015.
             The game lasted 00:47:42 (5515 turns).

krae the Conjurer (Demonspawn Wizard)               Turns: 5515, Time: 00:47:43

Health: -1/66      AC:  7    Str: 16    XL:     9   Next: 23%
Magic:  5/16       EV: 12    Int: 31    God:    Cheibriados [***...]
Gold:   308        SH:  0    Dex: 19    Spells: 5 memorised, 7 levels left

rFire  + . .     SeeInvis .     a - +2 mace (protect)
rCold  . . .     Clarity  .     j - +0 robe
rNeg   . . .     SustAb   .     (no shield)
rPois  .         Gourm    .     g - +0 hat (curse)
rElec  .         Spirit   .     (no cloak)
rCorr  .         Warding  .     (no gloves)
rMut   .         Stasis   .     (no boots)
MR     .....                    (no amulet)
Stlth  ++........               E - ring of protection from fire
                                f - ring of wizardry

@: lethally poisoned (-1 -> -2), very slightly contaminated, repel missiles,
very slow, not resistant to hostile enchantments, unstealthy
A: talons 1, powered by pain 2, spiny 1
a: Bend Time, Temporal Distortion, Renounce Religion


You were on level 8 of the Dungeon.
You worshipped Cheibriados.
Cheibriados was most pleased with you.
You were hungry.

You visited 1 branch of the dungeon, and saw 8 of its levels.

You collected 308 gold pieces.


Innate Abilities, Weirdness & Mutations

You have sharp toenails.
You sometimes gain power by taking damage.
You are partially covered in sharp spines.


   Skills:
 + Level 4.7 Fighting
 + Level 5.2 Maces & Flails
 - Level 1.7 Dodging
 - Level 1.7 Stealth
 - Level 5.1 Spellcasting
 - Level 6.7 Conjurations
 - Level 3.3 Charms
   Level 1.0 Summonings
 - Level 0.8 Translocations
 - Level 3.1 Air Magic


You had 7 spell levels left.
You knew the following spells:

 Your Spells              Type           Power        Failure   Level  Hunger
a - Magic Dart            Conj           ####         1%          1    None
b - Blink                 Tloc           N/A          3%          2    None
c - Mephitic Cloud        Conj/Pois/Air  ####....     1%          3    None
d - Repel Missiles        Chrm/Air       ####..       1%          2    None
Z - Conjure Flame         Conj/Fire      ####....     1%          3    None

Inventory:

Hand weapons
 a - a +2 mace of protection (weapon)
 b - a +0 blowgun
 w - a +2 dagger of venom
 A - a +1 hunting sling of freezing
 B - a +1 morningstar of protection
 C - a +1 whip of draining
Missiles
 o - 4 needles of confusion
 p - 73 stones (quivered)
 y - 57 poisoned needles
Armour
 g - a cursed +0 hat (worn)
 j - a +0 robe (worn)
Jewellery
 f - a ring of wizardry (left hand)
 E - a ring of protection from fire (right hand)
 G - a ring of sustain abilities
Magical devices
 l - a wand of magic darts (28)
 z - a wand of slowing (17)
 F - a wand of confusion (0)
Scrolls
 i - 5 scrolls of remove curse
 m - a scroll of enchant weapon
 t - a scroll of teleportation {@r4}
 H - a scroll of immolation {!r}
Potions
 e - a potion of curing {@q1}
 h - a potion of might
 k - 3 potions of degeneration {!q}
 n - a potion of restore abilities
 q - a potion of flight
 r - a potion of cure mutation
 u - a potion of resistance
 x - 2 potions of poison {!q}
 D - a potion of brilliance {unknown}
Books
 c - a book of Minor Magic
Comestibles
 d - 5 bread rations
 s - 3 chunks of flesh
 v - a meat ration

Dungeon Overview and Level Annotations

Branches:
Dungeon (8/15)             Temple (0/1) D:7
   Lair: D:8-11

Altars:
Cheibriados
Gozag
Zin
The Shining One

Annotations:
D:3 Grinder
D:6 Eustachio

#..................
#.#################
#.# # #.# #######
#.# +....... # #.#
####### .. # #.# #
####.#.###.########.
#######
..>.......D6........
.......
...#.#.###.#########
#######
.(...((.#....# .
...#.#.####### # # #
##### # #...# #
#.######...###
...........'..
#.######...###


You could see a seven-headed hydra.


Message History

Evoke which item? (* to show all) (? for menu, Esc to quit)
Zapping:
z - a wand of slowing {zapped: 5} (will waste charges)
Aim: a seven-headed hydra (chance 19%)
The seven-headed hydra resists with almost no effort.
Evoking this partially-identified wand wasted a few charges.
Unknown command.
Aiming: Magic Dart
Aim: a seven-headed hydra (flame)
The magic dart hits the seven-headed hydra.
The seven-headed hydra is lightly wounded.
The seven-headed hydra is engulfed in roaring flames.
The seven-headed hydra bites you! x2
The seven-headed hydra bites you but does no damage.
The seven-headed hydra bites you!
* * * LOW HITPOINT WARNING * * *
The seven-headed hydra bites you!
* * * LOW HITPOINT WARNING * * *
The seven-headed hydra closely misses you.
The seven-headed hydra bites you.
* * * LOW HITPOINT WARNING * * *
Your magical contamination has completely faded away.
You miscast Blink.
You are very lightly contaminated with residual magic.
You feel uncomfortable.
The seven-headed hydra is engulfed in roaring flames.
The seven-headed hydra bites you but does no damage.
The seven-headed hydra bites you.
* * * LOW HITPOINT WARNING * * *
The seven-headed hydra bites you!
You die...

Action                   |  1- 3 |  4- 6 |  7- 9 || total
-------------------------+-------+-------+-------++-------
Melee: Unarmed           |     7 |       |       ||     7
       Dagger            |    24 |     2 |       ||    26
       Mace              |       |    12 |    75 ||    87
       Hunting sling     |       |       |     3 ||     3
 Fire: Hunting sling     |    49 |   164 |   112 ||   325
       Blowgun           |       |    17 |    71 ||    88
 Cast: Magic Dart        |    35 |    44 |    70 ||   149
       Mephitic Cloud    |     3 |    12 |    16 ||    31
       Conjure Flame     |       |     8 |    14 ||    22
       Blink             |       |       |     3 ||     3
       Repel Missiles    |       |       |     1 ||     1
Evoke: Wand              |       |       |    10 ||    10
  Use: Scroll            |       |     8 |     7 ||    15
       Potion            |       |     1 |     1 ||     2
 Stab: Sleeping          |       |     4 |     9 ||    13
       Distracted        |       |     1 |     1 ||     2
       Confused          |       |       |     3 ||     3
  Eat: Chunk             |       |     9 |     3 ||    12
       Meat ration       |       |       |     1 ||     1

Vault maps used:
D:1:      minmay_arrival_four_houses
D:2:      nicolae_gozag_seed_capital
D:3:      lemuel_doored_altar, serial_forest, infiniplex_forest_straight_1,
          infiniplex_forest_lined_1, infiniplex_forest_clump_curved,
          infiniplex_forest_lined_room_2, infiniplex_forest_clump_small,
          infiniplex_forest_clump_diagonal, infiniplex_forest_diagonal,
          infiniplex_forest_straight_2, infiniplex_forest_clump_diagonal,
          infiniplex_forest_straight_1, uniq_grinder
D:4:      cheibriados_altar_wand_db
D:5:      vehumet_crystals, kennysheep_mini_moat, first_bread,
          minmay_misc_feat_cross, kennysheep_generic_room_10
D:6:      kennysheep_mini, makhleb_heckhound_becter, basic_altar, uniq_eustachio
D:7:      temple_green
D:8:      lair_0_dummy, minmay_bad_closet

Notes
Turn   | Place    | Note
--------------------------------------------------------------
     0 | D:1      | krae, the Demonspawn Wizard, began the quest for the Orb.
     0 | D:1      | Reached XP level 1. HP: 13/13 MP: 3/3
     0 | D:1      | Upgraded the game from 0.17-a0-288-gaf424a4 to 0.17-a0-435-gc4df345
   190 | D:2      | Reached skill level 2 in Conjurations
   202 | D:2      | Gained mutation: You are partially covered in sharp spines. [demonic ancestry]
   202 | D:2      | Reached XP level 2. HP: 16/19 MP: 0/6
   736 | D:3      | Reached skill level 3 in Conjurations
   736 | D:3      | Reached XP level 3. HP: 24/24 MP: 0/7
   741 | D:3      | Learned a level 3 spell: Mephitic Cloud
   745 | D:3      | Learned a level 3 spell: Conjure Flame
  1045 | D:3      | Reached skill level 4 in Conjurations
  1045 | D:3      | Reached XP level 4. HP: 30/30 MP: 1/8
  1281 | D:3      | Noticed Grinder
  1287 | D:3      | Paralysed by Grinder for 2 turns
  1370 | D:3      | HP: 3/30 [Grinder/nerve-wracking pain (14)]
  1376 | D:3      | Paralysed by Grinder for 3 turns
  1518 | D:2      | Found an opulent altar of Gozag.
  1678 | D:3      | Reached XP level 5. HP: 35/35 MP: 5/9
  1788 | D:3      | Found a glowing golden altar of the Shining One.
  2027 | D:3      | Reached skill level 5 in Conjurations
  2538 | D:4      | Noticed a phantom
  2572 | D:4      | Killed a phantom
  2572 | D:4      | Reached skill level 4 in Spellcasting
  2572 | D:4      | Gained mutation: You have sharp toenails. [demonic ancestry]
  2572 | D:4      | Reached XP level 6. HP: 33/41 MP: 2/12
  2771 | D:4      | Found a snail-covered altar of Cheibriados.
  2812 | D:4      | Learned a level 2 spell: Repel Missiles
  2812 | D:4      | Became a worshipper of Cheibriados the Contemplative
  2863 | D:5      | Entered Level 5 of the Dungeon
  2876 | D:4      | Reached skill level 5 in Spellcasting
  3003 | D:4      | Reached skill level 1 in Air Magic
  3101 | D:5      | Acquired Cheibriados's first power
  3157 | D:5      | Reached skill level 2 in Air Magic
  3194 | D:5      | Gained mutation: You sometimes gain a little power by taking damage. [demonic ancestry]
  3194 | D:5      | Reached XP level 7. HP: 46/46 MP: 6/14
  3211 | D:5      | Reached skill level 3 in Air Magic
  3251 | D:5      | Found a glowing silver altar of Zin.
  3331 | D:5      | Reached skill level 1 in Charms
  3546 | D:6      | Reached skill level 2 in Charms
  3672 | D:6      | Reached skill level 3 in Charms
  3746 | D:6      | Noticed Eustachio
  3782 | D:6      | Learned a level 2 spell: Blink
  3920 | D:7      | Found a staircase to the Ecumenical Temple.
  3962 | D:7      | Reached skill level 6 in Conjurations
  3962 | D:7      | Reached XP level 8. HP: 15/52 MP: 7/15
  4218 | D:7      | Reached skill level 1 in Fighting
  4242 | D:7      | Reached skill level 2 in Fighting
  4282 | D:7      | Reached skill level 1 in Maces & Flails
  4304 | D:7      | Reached skill level 3 in Fighting
  4610 | D:7      | Reached skill level 2 in Maces & Flails
  4912 | D:7      | Reached skill level 3 in Maces & Flails
  4986 | D:8      | Acquired Cheibriados's second power
  5023 | D:8      | Reached skill level 4 in Maces & Flails
  5084 | D:8      | Gained mutation: You sometimes gain power by taking damage. [demonic ancestry]
  5084 | D:8      | Reached XP level 9. HP: 57/65 MP: 13/16
  5124 | D:8      | Reached skill level 4 in Fighting
  5287 | D:8      | Identified a potion of resistance
  5391 | D:8      | Reached skill level 5 in Maces & Flails
  5510 | D:8      | Noticed a seven-headed hydra
  5515 | D:8      | Slain by a seven-headed hydra

Vanquished Creatures
  2 hungry ghosts (D:8)
  A hippogriff (D:7)
  2 ice beasts
  2 necrophages
  An orc warrior (D:7)
  2 phantoms
  A big kobold (D:8)
  2 ogres (D:7)
  2 giant frogs
  2 scorpions
  2 wights (D:7)
  2 crimson imps
  4 orc priests
  A giant frog skeleton (D:8)
  2 hounds
  2 jellies
  A centaur zombie (D:7)
  An orc wizard (D:6)
  5 worker ants
  A hound skeleton (D:3)
  A mummy (D:8)
  A worker ant zombie (D:7)
  3 gnolls (D:3)
  10 adders
  A shadow imp (D:7)
  2 worms
  9 giant geckos
  An ooze (D:7)
  19 orcs
  2 ball pythons
  4 giant cockroaches
  12 goblins
  7 hobgoblins
  9 bats
  6 giant newts
  A giant spore (D:6)
  6 jackals
  20 kobolds
  4 quokkas
  10 rats
  2 ballistomycetes (D:6)
168 creatures vanquished.

Vanquished Creatures (others)
  A giant spore (D:8)
  A ballistomycete (D:6)
2 creatures vanquished.

Grand Total: 170 creatures vanquished
